Map: 나이트쉐이드 - 래더

Players

Armani

  • Race: Zerg Zerg
  • League: Grandmaster
  • Spawn Location: 11:00

Dream - Winner!

  • Race: Terran Terran
  • League: Master
  • Spawn Location: 5:00

VOD

Have the link to the VOD?

Description

Time

  • Played on: Jan. 9, 2020, 5:08 a.m.
  • Length: 16:23
Show
View Real Time Build Order
Export as new Build Order

Armani Zerg 

Build Orders: Pool First 

Get SALT Encoding   

  12  0:00  Drone  
  13  0:12  Overlord  
  13  0:17  Drone  
  14  0:31  Drone x2  
  16  0:36  Drone  
  17  0:46  Extractor, Spawning Pool  
  17  0:49  Drone  
  16  0:56  Drone  
  17  1:16  Hatchery  
  16  1:19  Drone  
  16  1:23  Drone  
  18  1:33  Queen  
  18  1:37  Zergling x2  
  21  1:40  Zergling x2  
  22  1:55  Roach Warren  
  22  1:59  Overlord  
  21  2:34  Roach x4  
  29  2:40  Roach  
  29  2:42  Roach x2  
  35  2:47  Overlord  
  34  2:51  Drone  
  35  2:59  Ravager  
  36  3:07  Drone x2  
  36  3:09  Drone  
  36  3:11  Ravager  
  40  3:14  Drone  
  40  3:15  Drone  
  40  3:19  Queen  
  42  3:25  Overlord  
  42  3:43  Drone  
  42  3:44  Drone x2  
  42  3:45  Drone  
  42  3:46  Drone x2  
  48  3:51  Drone  
  48  3:54  Drone  
  50  4:03  Drone  
  50  4:05  Drone  
  50  4:08  Metabolic Boost  
  51  4:19  Overlord  
  51  4:23  Hatchery  
  50  4:26  Overlord  
  50  4:37  Queen  
  52  4:44  Queen, Drone x5  
  59  4:46  Drone  
  59  4:49  Overlord  
  59  4:50  Overlord  
  60  4:56  Spore Crawler  
  60  4:57  Spore Crawler  
  60  4:59  Drone  
  59  5:00  Drone  
  60  5:07  Overlord  
  60  5:09  Ravager  
  60  5:10  Drone x3  
  60  5:12  Drone  
  65  5:16  Queen  
  65  5:20  Lair  
  67  5:22  Overlord  
  67  5:25  Drone  
  67  5:27  Drone  
  69  5:31  Extractor x2, Overlord  
  69  5:34  Drone x2  
  69  5:35  Drone  
  67  5:37  Drone x2  
  67  5:40  Drone  
  70  5:45  Drone  
  70  5:47  Drone  
  70  5:48  Drone  
  74  5:57  Zergling x10  
  74  5:59  Zergling x6  
  78  6:05  Drone  
  78  6:07  Drone  
  78  6:09  Drone  
  78  6:10  Drone  
  81  6:16  Evolution Chamber  
  81  6:18  Evolution Chamber  
  81  6:19  Drone  
  81  6:20  Drone  
  81  6:22  Drone  
  77  6:26  Drone  
  77  6:28  Drone  
  77  6:29  Glial Reconstitution  
  77  6:30  Drone  
  77  6:31  Drone x3  
  82  6:35  Overseer  
  82  6:36  Drone x3  
  82  6:39  Drone  
  84  6:41  Extractor  
  84  6:44  Overlord  
  84  6:45  Zerg Ground Armor Level 1, Zerg Missile Weapons Level 1  
  84  6:46  Drone  
  84  6:51  Drone  
  84  6:54  Drone x2  
  86  6:56  Drone  
  86  6:58  Drone  
  86  6:59  Drone  
  86  7:01  Drone x5  
  93  7:02  Drone  
  93  7:04  Extractor  
  93  7:05  Drone  
  93  7:06  Extractor  
  94  7:09  Drone x2  
  96  7:16  Drone  
  96  7:21  Roach x2  
  101  7:24  Roach x2  
  101  7:26  Overlord x3  
  101  7:28  Overlord  
  105  7:34  Spore Crawler  
  105  7:35  Hatchery  
  103  7:38  Overlord  
  103  7:39  Overlord  
  103  7:47  Queen  
  103  7:48  Queen  
  100  7:51  Roach  
  100  7:52  Roach x4  
  100  7:56  Roach x3  
  116  8:01  Roach  
  116  8:02  Roach x2  
  116  8:04  Ravager x2  
  116  8:05  Ravager  
  125  8:10  Roach x4  
  125  8:11  Overseer  
  133  8:13  Ravager  
  133  8:14  Ravager  
  133  8:15  Roach  
  133  8:16  Roach  
  133  8:19  Roach x2  
  143  8:27  Queen  
  141  8:33  Overlord x3  
  143  8:34  Overlord  
  143  8:36  Overlord  
  143  8:38  Overlord  
  139  8:43  Zerg Missile Weapons Level 2  
  139  8:44  Zerg Melee Weapons Level 1  
  139  8:53  Zergling x24  
  139  8:54  Zergling x2  
  152  8:56  Drone  
  152  9:02  Baneling Nest  
  152  9:03  Ravager  
  152  9:04  Ravager x2  
  152  9:05  Drone x3  
  158  9:11  Zergling x8  
  162  9:20  Drone  
  162  9:22  Drone  
  162  9:23  Infestation Pit  
  140  9:32  Roach x4  
  140  9:33  Zergling x2, Roach  
  140  9:34  Zergling x12  
  136  9:44  Drone x8  
  136  9:45  Drone  
  145  9:47  Extractor, Centrifical Hooks  
  144  9:59  Ravager x2  
  147  10:00  Drone  
  147  10:03  Zergling x2, Hive  
  147  10:04  Zergling x18  
  157  10:07  Roach x2  
  157  10:08  Roach  
  157  10:14  Baneling x11  
  162  10:16  Roach x2  
  162  10:18  Hatchery  
  165  10:24  Zergling x2  
  165  10:25  Zergling x14  
  173  10:30  Zergling x8  
  173  10:35  Zergling x4  
  179  10:39  Zerg Ground Armor Level 2  
  179  10:43  Ravager  
  179  10:44  Ravager x4  
  183  10:50  Overlord x2  
  183  10:51  Overlord  
  183  10:53  Overlord  
  182  10:59  Zerg Melee Weapons Level 2  
  182  11:03  Zergling x22  
  184  11:04  Overlord  
  184  11:05  Overlord  
  184  11:08  Overlord  
  184  11:10  Hatchery  
  184  11:11  Zergling x8  
  187  11:17  Viper  
  187  11:18  Viper  
  192  11:21  Ultralisk Cavern  
  191  11:36  Zergling x2  
  191  11:37  Zergling x20  
  191  11:38  Overlord  
  199  11:44  Overlord  
  199  11:46  Hatchery  
  195  11:50  Baneling x3  
  194  12:07  Chitinous Plating  
  194  12:08  Queen  
  192  12:10  Zergling x14  
  194  12:24  Drone  
  195  12:33  Baneling x4  
  195  12:34  Baneling x17  
  195  12:39  Zergling x8  
  189  13:05  Zergling x34  
  189  13:06  Drone x2  
  167  13:14  Overseer  
  167  13:15  Zergling x2  
  167  13:16  Zergling x20  
  177  13:33  Ultralisk x4  
  177  13:34  Ultralisk, Drone  
  194  13:35  Drone x3  
  194  13:40  Zerg Ground Armor Level 3  
  194  13:41  Zerg Melee Weapons Level 3  
  197  13:42  Ultralisk Cavern  
  197  13:45  Drone x4  
  197  13:46  Overseer  
  198  13:50  Baneling  
  198  13:55  Baneling  
  198  13:56  Baneling x7  
  198  13:57  Ravager x2  
  200  14:09  Hatchery  
  198  14:11  Zergling x2  
  199  14:23  Spore Crawler  
  198  14:24  Zergling x6, Spine Crawler x2  
  198  14:31  Anabolic Synthesis  
  199  14:34  Baneling x7  
  196  14:46  Zergling x6  
  171  15:01  Drone x11  
  171  15:03  Ultralisk x2  
  171  15:04  Ultralisk  
  168  15:07  Zergling x2  
  168  15:08  Zergling x24  
  168  15:09  Overseer  
  168  15:11  Drone x2  
  168  15:12  Drone  
  167  15:19  Zergling x8  
  157  15:21  Baneling x8  
  157  15:24  Baneling x2  
  151  15:29  Zergling x2  
  151  15:31  Zergling x2  
  151  15:32  Zergling x28  
  151  15:33  Overseer  
  167  15:36  Baneling x3  
  167  15:41  Baneling x2  
  167  15:42  Zergling x4  
  166  15:43  Zergling x4  
  168  15:50  Baneling x3  
  168  15:56  Drone x9  
  172  15:57  Overseer  
Show
View Real Time Build Order
Export as new Build Order

Dream Terran - Winner!

Build Orders: Gas First Reaper Expand 

Get SALT Encoding   

  12  0:00  SCV  
  13  0:12  SCV  
  14  0:16  Supply Depot  
  14  0:24  SCV  
  15  0:30  Refinery  
  15  0:38  SCV  
  16  0:43  Barracks  
  16  0:50  SCV  
  17  1:02  SCV  
  18  1:14  SCV  
  19  1:29  Orbital Command  
  19  1:30  Reaper  
  20  1:40  Command Center  
  20  1:55  SCV  
  20  1:58  Factory  
  21  2:06  Supply Depot  
  21  2:07  Barracks Reactor  
  21  2:08  SCV  
  22  2:12  Refinery  
  22  2:20  SCV  
  23  2:32  SCV  
  24  2:45  Starport  
  24  2:47  SCV  
  24  2:49  Hellion  
  24  2:50  Marine, Hellion  
  30  2:59  SCV  
  31  3:08  Orbital Command  
  31  3:10  Marine  
  31  3:12  SCV  
  33  3:14  Widow Mine  
  33  3:16  Widow Mine  
  33  3:17  Bunker  
  37  3:23  Viking  
  39  3:28  Marine  
  39  3:29  SCV  
  41  3:44  SCV  
  40  3:51  Marine  
  40  3:52  Hellion x2  
  40  3:53  Orbital Command  
  40  3:55  Supply Depot  
  45  4:02  Orbital Command  
  45  4:12  Barracks Tech Lab  
  45  4:15  Supply Depot  
  45  4:16  SCV  
  44  4:18  Orbital Command  
  44  4:21  Hellion  
  46  4:32  Stimpack  
  46  4:37  SCV, Marauder, Hellion  
  46  4:38  Medivac  
  53  4:44  SCV  
  54  4:53  Supply Depot  
  54  4:54  Supply Depot  
  54  5:02  Command Center  
  54  5:13  Starport Reactor  
  54  5:14  SCV x2, Barracks, Factory Tech Lab  
  54  5:19  Marine  
  57  5:22  Barracks  
  57  5:28  SCV x2  
  62  5:35  Siege Tank  
  62  5:39  Marine  
  62  5:40  SCV x2  
  62  5:42  Bunker  
  65  5:48  Supply Depot, Engineering Bay  
  65  5:49  Engineering Bay  
  65  5:52  SCV  
  65  5:53  SCV  
  67  5:57  Marine  
  67  6:00  Starport Reactor  
  68  6:05  SCV x2  
  68  6:09  Refinery  
  68  6:11  Marine x2, Refinery, Siege Tank  
  73  6:13  Supply Depot  
  73  6:17  SCV x2  
  77  6:24  SCV  
  77  6:25  Marine x2  
  76  6:26  Marine  
  76  6:28  Combat Shield  
  76  6:29  SCV  
  76  6:30  SCV  
  76  6:31  Terran Infantry Weapons Level 1  
  73  6:32  Terran Infantry Armor Level 1  
  73  6:36  SCV, Marine  
  75  6:40  Medivac  
  75  6:41  Medivac  
  75  6:43  SCV  
  80  6:48  SCV  
  80  6:49  Marine, Orbital Command  
  80  6:51  Marine  
  80  6:53  Marine  
  84  6:57  Siege Tank  
  84  7:00  SCV  
  88  7:02  SCV  
  88  7:03  Marine x2  
  88  7:04  Supply Depot  
  91  7:10  Medivac  
  91  7:11  Medivac  
  91  7:14  SCV x2  
  97  7:15  Marine  
  97  7:16  Marine  
  97  7:17  Marine, Orbital Command  
  101  7:24  Supply Depot  
  101  7:26  Marine, Supply Depot  
  101  7:32  Siege Tank  
  101  7:35  Marine  
  101  7:36  Marine x2  
  107  7:38  SCV, Supply Depot  
  107  7:42  SCV  
  107  7:43  Supply Depot  
  109  7:46  Medivac x2  
  109  7:49  Marine  
  109  7:50  Marine  
  110  7:52  SCV  
  110  7:53  SCV  
  110  7:55  SCV  
  113  8:01  Barracks  
  113  8:02  Marine x2, Barracks  
  113  8:03  Marine  
  113  8:05  SCV  
  117  8:13  Armory  
  117  8:15  SCV x2  
  117  8:17  SCV, Marine x2  
  122  8:20  Marine  
  122  8:24  Siege Tank  
  124  8:30  SCV x2  
  126  8:34  Marine  
  126  8:35  Marine x3  
  126  8:38  Marine  
  128  8:42  SCV x2  
  128  8:46  Refinery  
  128  8:47  Refinery  
  128  8:50  Supply Depot, Medivac  
  128  8:51  Medivac  
  128  8:52  Marine x2, Supply Depot  
  128  8:53  Marine  
  131  8:56  Siege Tank  
  131  8:58  Marine  
  131  9:02  Barracks Tech Lab x2  
  132  9:03  Marauder  
  134  9:12  SCV x2  
  134  9:15  Marine x3  
  134  9:16  Marine  
  134  9:24  Marauder  
  134  9:25  Marine  
  134  9:28  Siege Tank  
  121  9:34  Marauder  
  121  9:35  Marine x2  
  121  9:36  Marine  
  121  9:37  Marine  
  114  9:39  Terran Infantry Weapons Level 2, Terran Infantry Armor Level 2  
  114  9:43  Marauder  
  113  9:47  Terran Vehicle Weapons Level 1  
  113  9:48  Command Center  
  113  9:49  Marauder  
  115  9:53  Marine x2  
  115  9:54  Marine, Factory  
  115  9:55  Marine, Marauder  
  115  9:58  Supply Depot  
  117  10:01  Siege Tank  
  117  10:05  Marauder  
  122  10:07  Barracks  
  122  10:09  Barracks  
  122  10:10  Marine  
  122  10:11  Marine  
  122  10:12  Marine  
  125  10:16  Marine x2  
  125  10:17  Marauder  
  129  10:25  Missile Turret  
  129  10:26  Marauder  
  129  10:28  Marine, Barracks  
  131  10:29  Marine  
  133  10:39  Factory Reactor  
  133  10:40  Drilling Claws  
  133  10:41  Widow Mine  
  133  10:42  Marine x3, Marauder  
  140  10:46  Marauder  
  140  10:47  Marine  
  140  10:48  Marauder  
  145  10:56  Barracks Reactor  
  145  10:57  Barracks Tech Lab  
  145  11:03  Marauder  
  143  11:07  Marine x3  
  143  11:08  Marauder  
  143  11:09  Marauder  
  150  11:17  Marine, Marauder  
  152  11:22  Widow Mine x3  
  152  11:24  Marauder  
  152  11:25  Marine  
  160  11:29  Marauder  
  160  11:30  Marauder  
  160  11:31  Marine, Barracks Tech Lab  
  165  11:38  Marauder  
  167  11:42  Marine  
  167  11:43  Marine  
  167  11:46  Marauder  
  171  11:49  Widow Mine  
  171  11:50  Widow Mine x2, Marauder  
  179  11:55  Supply Depot  
  179  11:56  Supply Depot, Terran Infantry Weapons Level 3  
  179  11:58  Concussive Shells, Marauder  
  179  12:00  Marauder  
  183  12:01  Terran Infantry Armor Level 3  
  180  12:15  Planetary Fortress  
  180  12:21  Marine x2, Marauder x4  
  190  12:23  Marine x2  
  190  12:25  Marine  
  193  12:36  Missile Turret  
  193  12:39  Sensor Tower  
  193  12:41  Widow Mine x2  
  197  12:46  Marine  
  197  12:47  Marauder  
  200  12:54  Widow Mine  
  198  12:59  Marine  
  198  13:00  Marauder x3  
  198  13:04  Marine, Marauder  
  198  13:05  Marine  
  184  13:06  Widow Mine x2  
  184  13:08  Marauder  
  183  13:14  Marine  
  183  13:15  Widow Mine  
  183  13:17  Marine  
  187  13:21  Marauder x3  
  187  13:22  Medivac  
  195  13:27  Marine, Marauder  
  195  13:28  Widow Mine  
  195  13:30  Marine x2, Marauder  
  193  13:35  Widow Mine  
  193  13:36  Widow Mine  
  191  13:43  Marauder  
  191  13:46  Medivac  
  187  13:49  Widow Mine  
  187  13:51  Marine x7, Marauder x2  
  187  13:52  Medivac  
  187  13:54  Marine  
  198  14:05  Marauder  
  195  14:12  Widow Mine x2  
  195  14:15  Command Center  
  199  14:27  Starport, Terran Vehicle And Ship Armor Level 1  
  199  14:29  Fusion Core  
  199  14:31  Barracks  
  199  14:32  Barracks  
  199  14:33  Command Center  
  200  14:53  Marauder  
  200  14:55  Marine  
  176  15:03  Marine x5, Marauder x4  
  176  15:07  Medivac x2, Widow Mine x3  
  183  15:09  Starport Reactor  
  187  15:14  Marauder  
  187  15:20  Barracks Tech Lab  
  187  15:21  Barracks Tech Lab  
  184  15:24  Marine x4  
  184  15:26  Marine x2  
  184  15:27  Marauder x2  
  193  15:41  Medivac x2  
  195  15:45  Widow Mine x2  
Tags
 
Add a new tag
Caveats
  • Supply blocks, unpowered buildings, or Contaminate may cause inaccurate times.
  • Supply counts are checked every 10 seconds.